TOP OF THE 1ST |
Boise Hawks batting - Pitching for Williamsport Crosscutters : RHP Chad Capaldi
|
Pitching: RHP Chad Capaldi
|
|
Batting: RHB Elias Urbina
|
0-0: Ground out 5-3 (Groundball, 56S, EV 84.4 MPH)
|
Batting: RHB Eric Delgado
|
0-0: Called Strike 0-1: Foul Ball, location: 2F 0-2: Ball 1-2: Foul Ball, location: 2F 1-2: Strikes out swinging
|
Batting: LHB Greg Valenzuela
|
0-0: Ball 1-0: Foul Ball, location: 2F 1-1: Called Strike 1-2: Foul Ball, location: 2F 1-2: Foul Ball, location: 2F 1-2: Ground out 4-3 (Groundball, 4, EV 86.2 MPH)
|
Top of the 1st over - 0 runs, 0 hits, 0 errors, 0 left on base; Boise 0 - Williamsport 0 |
BOTTOM OF THE 1ST |
Williamsport Crosscutters batting - Pitching for Boise Hawks : LHP John Mandarino
|
Pitching: LHP John Mandarino
|
|
Batting: RHB Prabhukumar Santhanakrishnan
|
0-0: Swinging Strike 0-1: Ball 1-1: Swinging Strike 1-2: Strikes out swinging
|
Batting: RHB Alan Weller
|
0-0: Foul Ball, location: 2F 0-1: Ball 1-1: Swinging Strike 1-2: Strikes out looking
|
Batting: SHB Benjamin Brown
|
0-0: Ball 1-0: Ball 2-0: Foul Ball, location: 2F 2-1: Ball 3-1: Base on Balls
|
Batting: RHB Matt McDevitt
|
0-0: Ball Benjamin Brown steals 2nd base 1-0: SINGLE (Groundball, 6MD, EV 100.0 MPH) Benjamin Brown to third Runner from 3rd tries for Home, SAFE, throw by CF to home
|
Batting: RHB Moritake Fukumoto
|
0-0: Ball 1-0: Foul Ball, location: 2F 1-1: Ground out 4-3 (Groundball, 4MS, EV 86.2 MPH)
|
Bottom of the 1st over - 1 run, 1 hit, 0 errors, 1 left on base; Boise 0 - Williamsport 1 |
TOP OF THE 2ND |
Boise Hawks batting - Pitching for Williamsport Crosscutters : RHP Chad Capaldi
|
Batting: SHB Bobby Santor
|
0-0: Called Strike 0-1: Ball 1-1: Called Strike 1-2: Ball 2-2: Ball 3-2: Strikes out swinging
|
Batting: RHB Tyler Stebbins
|
0-0: Foul Ball, location: 2F 0-1: Ball 1-1: Ball 2-1: Called Strike 2-2: Foul Ball, location: 2F 2-2: Ball 3-2: Foul Ball, location: 2F 3-2: Base on Balls
|
Batting: SHB Jamie Locke
|
0-0: Called Strike 0-1: Foul Ball, location: 2F 0-2: Fielders Choice at 2nd, 4-6 (Groundball, 4D, EV 86.2 MPH)
|
Batting: LHB Mike Clark
|
0-0: Called Strike 0-1: Called Strike 0-2: Ball 1-2: Strikes out swinging
|
Top of the 2nd over - 0 runs, 0 hits, 0 errors, 1 left on base; Boise 0 - Williamsport 1 |
BOTTOM OF THE 2ND |
Williamsport Crosscutters batting - Pitching for Boise Hawks : LHP John Mandarino
|
Batting: RHB Allen Gravel
|
0-0: Ball 1-0: Called Strike 1-1: Called Strike 1-2: Strikes out swinging
|
Batting: RHB Ken Gadberry
|
0-0: Called Strike 0-1: Called Strike 0-2: Ball 1-2: Ball 2-2: Ball 3-2: Base on Balls
|
Batting: RHB Cory Bonham
|
0-0: Fly out, F3 (Popup, 3F, EV 64.4 MPH)
|
Batting: SHB Matt Sybrant
|
0-0: Swinging Strike 0-1: Foul Ball, location: 2F 0-2: Ground out U3 (Groundball, 3, EV 76.2 MPH)
|
Bottom of the 2nd over - 0 runs, 0 hits, 0 errors, 1 left on base; Boise 0 - Williamsport 1 |
TOP OF THE 3RD |
Boise Hawks batting - Pitching for Williamsport Crosscutters : RHP Chad Capaldi
|
Batting: RHB John Stevenson
|
0-0: Swinging Strike 0-1: Foul Ball, location: 2F 0-2: Ball 1-2: Ball 2-2: Strikes out swinging
|
Batting: LHB Zane Kelton
|
0-0: Swinging Strike 0-1: Ball 1-1: Ball 2-1: Fly out, F6 (Popup, 6S, EV 66.9 MPH)
|
Batting: RHB Elias Urbina
|
0-0: Ball 1-0: Ball 2-0: Ball 3-0: Called Strike 3-1: Base on Balls
|
Batting: RHB Eric Delgado
|
0-0: Ball 1-0: Called Strike 1-1: Called Strike 1-2: Fly out, F9 (Line Drive, 9D, EV 98.8 MPH)
|
Top of the 3rd over - 0 runs, 0 hits, 0 errors, 1 left on base; Boise 0 - Williamsport 1 |
BOTTOM OF THE 3RD |
Williamsport Crosscutters batting - Pitching for Boise Hawks : LHP John Mandarino
|
Batting: RHB Prabhukumar Santhanakrishnan
|
0-0: Called Strike 0-1: Ball 1-1: Ball 2-1: SOLO HOME RUN (Line Drive, 78XD, EV 111.9 MPH), Distance : 421 ft
|
Batting: RHB Alan Weller
|
0-0: Ground out 4-3 (Groundball, 4MS, EV 82.5 MPH)
|
Batting: SHB Benjamin Brown
|
0-0: Called Strike 0-1: Ball 1-1: Foul Ball, location: 2F 1-2: Ball 2-2: Foul Ball, location: 2F 2-2: Foul Ball, location: 2F 2-2: Foul Ball, location: 2F 2-2: Ball 3-2: Base on Balls
|
Batting: RHB Matt McDevitt
|
0-0: Called Strike 0-1: Ball 1-1: Ball 2-1: Ball 3-1: SINGLE (Groundball, 56, EV 103.1 MPH) Benjamin Brown to second
|
Batting: RHB Moritake Fukumoto
|
0-0: Ball 1-0: Swinging Strike 1-1: Ball 2-1: Swinging Strike 2-2: Foul Ball, location: 2F 2-2: Ball 3-2: Strikes out looking
|
Batting: RHB Allen Gravel
|
0-0: Ball 1-0: Called Strike 1-1: Fielders Choice at 2nd, 6-4 (Groundball, 6, EV 95.0 MPH)
|
Bottom of the 3rd over - 1 run, 2 hits, 0 errors, 2 left on base; Boise 0 - Williamsport 2 |
TOP OF THE 4TH |
Boise Hawks batting - Pitching for Williamsport Crosscutters : RHP Chad Capaldi
|
Batting: LHB Greg Valenzuela
|
0-0: Ground out 2-3 (Groundball, 13S, EV 65.0 MPH)
|
Batting: SHB Bobby Santor
|
0-0: Called Strike 0-1: Called Strike 0-2: Ball 1-2: Foul Ball, location: 2F 1-2: Strikes out swinging
|
Batting: RHB Tyler Stebbins
|
0-0: Ball 1-0: Called Strike 1-1: Ball 2-1: Called Strike 2-2: Ball 3-2: Foul Ball, location: 2F 3-2: Foul Ball, location: 2F 3-2: Base on Balls
|
Batting: SHB Jamie Locke
|
0-0: Called Strike 0-1: Foul Ball, location: 2F 0-2: Ball 1-2: Ball 2-2: Foul Ball, location: 2F 2-2: Foul Ball, location: 2F 2-2: Foul Ball, location: 2F 2-2: Strikes out swinging
|
Top of the 4th over - 0 runs, 0 hits, 0 errors, 1 left on base; Boise 0 - Williamsport 2 |
BOTTOM OF THE 4TH |
Williamsport Crosscutters batting - Pitching for Boise Hawks : LHP John Mandarino
|
Batting: RHB Ken Gadberry
|
0-0: Ball 1-0: SINGLE (Line Drive, 6MD, EV 97.5 MPH)
|
Batting: RHB Cory Bonham
|
0-0: Foul Ball, location: 2F 0-1: Swinging Strike 0-2: SINGLE (Groundball, 56, EV 105.6 MPH) (infield hit) Ken Gadberry to second
|
Batting: SHB Matt Sybrant
|
0-0: Called Strike 0-1: Fly out, F7 (Flyball, 78XD, EV 102.5 MPH) Runner from 2nd tags up, SAFE at 3rd, no throw by LF
|
Batting: RHB Prabhukumar Santhanakrishnan
|
0-0: Called Strike 0-1: Swinging Strike 0-2: Ground out 6-3 (Groundball, 56D, EV 97.5 MPH) Ken Gadberry scores Cory Bonham to second
|
Batting: RHB Alan Weller
|
0-0: Ground out 6-3 (Groundball, 6S, EV 66.9 MPH)
|
Bottom of the 4th over - 1 run, 2 hits, 0 errors, 1 left on base; Boise 0 - Williamsport 3 |
TOP OF THE 5TH |
Boise Hawks batting - Pitching for Williamsport Crosscutters : RHP Chad Capaldi
|
Batting: LHB Mike Clark
|
0-0: Ball 1-0: Called Strike 1-1: Ball 2-1: Swinging Strike 2-2: Ground out 1-3 (Groundball, 34S, EV 65.6 MPH)
|
Pitching: RHP Jorge Sanchez
|
|
Batting: RHB John Stevenson
|
0-0: Fly out, F9 (Flyball, 9, EV 94.4 MPH)
|
Batting: LHB Zane Kelton
|
0-0: Swinging Strike 0-1: Ball 1-1: Foul Ball, location: 2F 1-2: Foul Ball, location: 2F 1-2: Foul Ball, location: 2F 1-2: Strikes out swinging
|
Top of the 5th over - 0 runs, 0 hits, 0 errors, 0 left on base; Boise 0 - Williamsport 3 |
BOTTOM OF THE 5TH |
Williamsport Crosscutters batting - Pitching for Boise Hawks : LHP John Mandarino
|
Pitching: RHP Diego Arredondo
|
|
Batting: SHB Benjamin Brown
|
0-0: Ball 1-0: Ball 2-0: Called Strike 2-1: Swinging Strike 2-2: Ball 3-2: Strikes out swinging
|
Batting: RHB Matt McDevitt
|
0-0: Foul Ball, location: 2F 0-1: Ball 1-1: Called Strike 1-2: Ball 2-2: Strikes out swinging
|
Batting: RHB Moritake Fukumoto
|
0-0: Swinging Strike 0-1: Ball 1-1: Ball 2-1: Foul Ball, location: 2F 2-2: SINGLE (Groundball, 6D, EV 107.5 MPH)
|
Batting: RHB Allen Gravel
|
0-0: Ball 1-0: Ball 2-0: Foul Ball, location: 2F 2-1: Called Strike 2-2: Fly out, F9 (Line Drive, 9S, EV 106.2 MPH)
|
Bottom of the 5th over - 0 runs, 1 hit, 0 errors, 1 left on base; Boise 0 - Williamsport 3 |
TOP OF THE 6TH |
Boise Hawks batting - Pitching for Williamsport Crosscutters : RHP Jorge Sanchez
|
Batting: RHB Elias Urbina
|
0-0: Called Strike 0-1: Foul Ball, location: 2F 0-2: Foul Ball, location: 2F 0-2: Strikes out swinging
|
Batting: RHB Eric Delgado
|
0-0: Foul Ball, location: 2F 0-1: Foul Ball, location: 2F 0-2: Strikes out looking
|
Batting: LHB Greg Valenzuela
|
0-0: Called Strike 0-1: Ball 1-1: Ball 2-1: Ground out 4-3 (Groundball, 4, EV 87.5 MPH)
|
Top of the 6th over - 0 runs, 0 hits, 0 errors, 0 left on base; Boise 0 - Williamsport 3 |
BOTTOM OF THE 6TH |
Williamsport Crosscutters batting - Pitching for Boise Hawks : RHP Diego Arredondo
|
Batting: RHB Ken Gadberry
|
0-0: Foul Ball, location: 2F 0-1: Ball 1-1: Ball 2-1: Swinging Strike 2-2: Strikes out swinging
|
Batting: RHB Cory Bonham
|
0-0: Ball 1-0: Swinging Strike 1-1: Called Strike 1-2: Strikes out swinging
|
Pitching: LHP Steve Gilliam
|
|
Batting: SHB Matt Sybrant
|
0-0: Ball 1-0: Foul Ball, location: 2F 1-1: Swinging Strike 1-2: Ball 2-2: Ball 3-2: Ground out 5-3 (Groundball, 56S, EV 89.4 MPH)
|
Bottom of the 6th over - 0 runs, 0 hits, 0 errors, 0 left on base; Boise 0 - Williamsport 3 |
TOP OF THE 7TH |
Boise Hawks batting - Pitching for Williamsport Crosscutters : RHP Jorge Sanchez
|
Batting: SHB Bobby Santor
|
0-0: Ball 1-0: Ball 2-0: Ball 3-0: Foul Ball, location: 2F 3-1: DOUBLE (Line Drive, 9LS, EV 102.5 MPH)
|
Batting: RHB Tyler Stebbins
|
0-0: Ball 1-0: Ground out 5-3 (Groundball, 56S, EV 79.4 MPH)
|
Batting: SHB Jamie Locke
|
0-0: Ball 1-0: Called Strike 1-1: Swinging Strike 1-2: Ball 2-2: Strikes out swinging
|
Batting: LHB Mike Clark
|
0-0: Ball 1-0: Called Strike 1-1: Called Strike 1-2: Ball 2-2: Ball 3-2: Strikes out looking
|
Top of the 7th over - 0 runs, 1 hit, 0 errors, 1 left on base; Boise 0 - Williamsport 3 |
BOTTOM OF THE 7TH |
Williamsport Crosscutters batting - Pitching for Boise Hawks : LHP Steve Gilliam
|
Batting: RHB Prabhukumar Santhanakrishnan
|
0-0: Single, Error in OF, E8, batter to second base (Line Drive, 6M, EV 95.6 MPH)
|
Batting: RHB Alan Weller
|
0-0: Ball 1-0: Ball 2-0: Called Strike 2-1: Ball 3-1: Fly out, F4 (Line Drive, 4, EV 67.5 MPH)
|
Batting: SHB Benjamin Brown
|
0-0: Ball 1-0: Ball 2-0: Foul Ball, location: 2F 2-1: Ball 3-1: SINGLE (Popup, 34D, EV 48.8 MPH) Prabhukumar Santhanakrishnan to third
|
Batting: RHB Matt McDevitt
|
0-0: Called Strike 0-1: Ball 1-1: Ball 2-1: SINGLE (Line Drive, 9S, EV 108.1 MPH) Prabhukumar Santhanakrishnan scores Benjamin Brown to second
|
Batting: RHB Moritake Fukumoto
|
0-0: Ball Wild Pitch! Benjamin Brown to third Matt McDevitt to second 1-0: Ball 2-0: Ball 3-0: Called Strike 3-1: Base on Balls
|
Batting: RHB Allen Gravel
|
0-0: Called Strike 0-1: Fly out, F8 (Line Drive, 8LD, EV 104.4 MPH) Runner from 3rd tags up, SCORES, throw by CF Matt McDevitt to third
|
Batting: RHB Ken Gadberry
|
0-0: Called Strike 0-1: Foul Ball, location: 2F 0-2: Ball Wild Pitch! Matt McDevitt scores Moritake Fukumoto to second 1-2: Ball 2-2: Ball 3-2: Ground out 5-3 (Groundball, 15, EV 81.2 MPH)
|
Bottom of the 7th over - 3 runs, 3 hits, 1 error, 1 left on base; Boise 0 - Williamsport 6 |
TOP OF THE 8TH |
Boise Hawks batting - Pitching for Williamsport Crosscutters : RHP Jorge Sanchez
|
Batting: RHB John Stevenson
|
0-0: Ground out 4-3 (Groundball, 4, EV 87.5 MPH)
|
Batting: LHB Zane Kelton
|
0-0: Ball 1-0: Ball 2-0: Foul Ball, location: 2F 2-1: Foul Ball, location: 2F 2-2: Foul Ball, location: 2F 2-2: Strikes out swinging
|
Batting: RHB Elias Urbina
|
0-0: Foul Ball, location: 2F 0-1: Called Strike 0-2: Ball 1-2: Ball 2-2: Ball 3-2: Fly out, F8 (Flyball, 8RXD, EV 106.2 MPH)
|
Top of the 8th over - 0 runs, 0 hits, 0 errors, 0 left on base; Boise 0 - Williamsport 6 |
BOTTOM OF THE 8TH |
Williamsport Crosscutters batting - Pitching for Boise Hawks : LHP Steve Gilliam
|
Batting: RHB Cory Bonham
|
0-0: Ball 1-0: Foul Ball, location: 7LSF, Error on foul ball, E7 1-1: SOLO HOME RUN (Flyball, 7D, EV 95.6 MPH), Distance : 374 ft
|
Batting: SHB Matt Sybrant
|
0-0: Foul Ball, location: 2F 0-1: Foul Ball, location: 2F 0-2: Foul Ball, location: 2F 0-2: SINGLE (Groundball, 56D, EV 103.8 MPH)
|
Pitching: LHP Glenn Lowther
|
|
Batting: RHB Prabhukumar Santhanakrishnan
|
0-0: Swinging Strike 0-1: Called Strike 0-2: Strikes out swinging
|
Batting: RHB Alan Weller
|
0-0: Foul Ball, location: 2F 0-1: Called Strike 0-2: Strikes out looking
|
Batting: SHB Benjamin Brown
|
0-0: Ball 1-0: Ball 2-0: Called Strike 2-1: Ball 3-1: Base on Balls Matt Sybrant to second
|
Batting: RHB Matt McDevitt
|
0-0: Foul Ball, location: 2F 0-1: Foul Ball, location: 2F 0-2: Ball 1-2: Foul Ball, location: 2F 1-2: Strikes out swinging
|
Bottom of the 8th over - 1 run, 2 hits, 1 error, 2 left on base; Boise 0 - Williamsport 7 |
TOP OF THE 9TH |
Boise Hawks batting - Pitching for Williamsport Crosscutters : RHP Jorge Sanchez
|
Batting: RHB Eric Delgado
|
0-0: Foul Ball, location: 2F 0-1: Called Strike 0-2: Foul Ball, location: 2F 0-2: Foul Ball, location: 2F 0-2: Strikes out swinging
|
Batting: LHB Greg Valenzuela
|
0-0: Called Strike 0-1: Foul Ball, location: 2F 0-2: Ball 1-2: Ball 2-2: Strikes out swinging
|
Batting: SHB Bobby Santor
|
0-0: Ball 1-0: Fly out, F7 (Flyball, 7S, EV 93.1 MPH)
|
Top of the 9th over - 0 runs, 0 hits, 0 errors, 0 left on base; Boise 0 - Williamsport 7 |
|